 Dungeon Crawl Stone Soup version 0.20.1-1-g8b1a95d (webtiles) character file.

16 tidbits the Insei (level 2, -8/22 HPs)
             Began as a Demigod Transmuter on Aug 22, 2017.
             Mangled by Natasha (9 damage)
             ... on level 2 of the Dungeon.
             The game lasted 00:02:43 (275 turns).

tidbits the Insei (Demigod Transmuter)               Turns: 275, Time: 00:02:44

Health: -8/22      AC:  3    Str: 13    XL:     2   Next: 27%
Magic:  0/7        EV: 18    Int: 17    God:
Gold:   63         SH:  0    Dex: 21    Spells: 1/4 levels left

rFire    . . .     SeeInvis .     - Unarmed
rCold    . . .     Gourm    .   (no shield)
rNeg     . . .     Faith    .   B - +0 robe
rPois    .         Spirit   .   (no helmet)
rElec    .         Reflect  .   (no cloak)
rCorr    .         Harm     .   G - +0 pair of gloves
MR       .....                  (no boots)
Stlth    +++.......             (no amulet)
Regen    0.1/turn               (no ring)
MPRegen  0.1/turn               (no ring)

@: agile, very slightly contaminated, slowed, very slow
A: high mp 1
a: no special abilities


You were on level 2 of the Dungeon.
You were not hungry.

You visited 1 branch of the dungeon, and saw 2 of its levels.

You collected 63 gold pieces.

Inventory:

Missiles
 a - 51 arrows
 h - 3 stones (quivered)
Armour
 B - a +0 robe (worn)
 G - a +0 pair of gloves (worn)
Books
 c - a book of Changes

   Spells                             Type                      Level
   a - Beastly Appendage              Transmutation                1
   b - Sticks to Snakes               Transmutation                2
   c - Spider Form                    Transmutation/Poison         3
   d - Ice Form                       Ice/Transmutation            4
   e - Blade Hands                    Transmutation                5
Comestibles
 d - 2 bread rations
 f - a royal jelly
 g - a meat ration


   Skills:
 - Level 0.8 Fighting
 - Level 1.7 Dodging
 + Level 3.4 Unarmed Combat
 - Level 1.7 Spellcasting
 - Level 1.7 Transmutations


You had one spell level left.
You knew the following spells:

 Your Spells              Type           Power        Failure   Level  Hunger
e - Beastly Appendage     Tmut           #.....       10%         1    #......
k - Sticks to Snakes      Tmut           #.......     14%         2    ###....


Dungeon Overview and Level Annotations

Branches:
Dungeon (2/15)

Annotations:
D:2 Natasha


Innate Abilities, Weirdness & Mutations

You have an increased reservoir of magic. (+10% MP)


Message History

Confirm with . or Enter, or press ? or * to list all spells.
You miscast Beastly Appendage.
You are very lightly contaminated with residual magic.
Your skin tingles.
The bat hits you but does no damage.
Your ball python closely misses the bat.
Your ball python grabs the bat.
Your ball python constricts the bat.
The hobgoblin barely misses your ball python.
The bat struggles to escape constriction.
You hit the bat.
You kill the bat!
The hobgoblin hits your ball python but does no damage.
Your ball python bites the hobgoblin.
Your ball python grabs the hobgoblin.
Your ball python constricts the hobgoblin.
Your ball python bites the hobgoblin but does no damage.
Your ball python constricts the hobgoblin.
The hobgoblin hits you but does no damage.
You see here 16 gold pieces.
You barely miss the hobgoblin.
The hobgoblin is severely wounded.
Your ball python bites the hobgoblin.
Your ball python constricts the hobgoblin.
The hobgoblin hits you with a club.
* * * LOW HITPOINT WARNING * * *
You barely miss the hobgoblin.
The hobgoblin is almost dead.
Your ball python bites the hobgoblin but does no damage.
Your ball python constricts the hobgoblin.
You barely miss the hobgoblin. You punch the hobgoblin.
You kill the hobgoblin!
Your ball python withers and dies!
You see here a bat corpse.
You now have 50 gold pieces (gained 16).
A bat comes into view.
Casting: Beastly Appendage
Confirm with . or Enter, or press ? or * to list all spells.
You grow a pair of large bovine horns.
You hit the bat but do no damage. You headbutt the bat.
You kill the bat!
You see here a bat corpse.
You now have 63 gold pieces (gained 13).
Your transformation is almost over.
Found a shattered altar of Ashenzari.
Ashenzari says, "See what I see, mortal..."
You have a sudden vision of the Swamp and the Spider Nest!
Your magical contamination has completely faded away.
Found 2 fuming sapphire potions.
The swamp drake roars!
Found a leatherbound book.
The wolf spider hisses angrily.
The water moccasin hisses angrily.
Casting: Beastly Appendage
Confirm with . or Enter, or press ? or * to list all spells.
You create a snake!
You now have 52 arrows.
Natasha hisses angrily.
Casting: Sticks to Snakes
Confirm with . or Enter, or press ? or * to list all spells.
You create a snake!
You now have 51 arrows.
Your horns disappear.
Natasha mumbles some strange words.
Casting: Sticks to Snakes
Confirm with . or Enter, or press ? or * to list all spells.
You miscast Sticks to Snakes.
You are very lightly contaminated with residual magic.
Strange energies run through your body. Natasha casts a spell at you.
The magic dart hits your ball python.
Your ball python dies!
Casting: Sticks to Snakes
Confirm with . or Enter, or press ? or * to list all spells.
You don't have enough magic to cast that spell.
It was a potion of agility.
You feel agile all of a sudden.
Natasha stares at you and mumbles some strange words.
The magic dart hits your ball python.
Your ball python dies!
You barely miss the white imp. The white imp gestures at you.
The puff of frost hits you!
* * * LOW HITPOINT WARNING * * *
Natasha howls an incantation.
You feel troubled.
Natasha mumbles some strange words.
The white imp completely misses you.
Natasha howls an incantation.
Natasha glows brightly for a moment.
Natasha stares at you and mumbles some strange words.
You feel yourself slow down.
Found a hunting sling.
Unknown command.
You aren't carrying any potions.
Unknown command.
You hit Natasha.
Natasha is moderately wounded.
The white imp gestures at you. The puff of frost hits you!
* * * LOW HITPOINT WARNING * * *
Natasha barely misses you.
The crimson imp hits you but does no damage.
The white imp closely misses you. Natasha claws you!
You die...

....
#...#...#§.♣#
#...#...#§§§#
##..#...#§§§#
#.#w#...#§§§#
##ss#...#≈≈.#
#..s#...#≈≈.#
#.#s#...#k≈≈#
#s#s#.5.#F§§#
#..s#.5@#tS§#
#...#.h.#F§♣#
#...#...#§≈§#
#.#.#...#♣§P#
#.:.#...#P§≈#
##
#.#.#...#≈§≈#
..
#.#s#...#≈≈≈#
#.#
###...####
..#


You could see an alligator, 2 wolf spiders, a swamp drake, a water moccasin, 3
redbacks, 2 bullfrogs, a worm, 3 scorpions, Natasha, a crimson imp and a white
imp.

Vanquished Creatures
  2 dart slugs (D:1)
  A giant cockroach (D:1)
  2 hobgoblins (D:2)
  3 kobolds (D:1)
  2 bats (D:2)
  A rat (D:1)
11 creatures vanquished.

Vanquished Creatures (collateral kills)
  A kobold (D:2)
1 creature vanquished.

Grand Total: 12 creatures vanquished

Notes
Turn   | Place    | Note
-------+----------+-------------------------------------------
     0 | D:1      | tidbits the Demigod Transmuter began the quest for the Orb.
     0 | D:1      | Reached XP level 1. HP: 15/15 MP: 5/5
    97 | D:1      | Reached skill level 3 in Unarmed Combat
   157 | D:2      | Noticed Natasha
   189 | D:1      | Reached XP level 2. HP: 7/22 MP: 5/7
   193 | D:1      | Learned a level 2 spell: Sticks to Snakes
   261 | D:2      | Found a shattered altar of Ashenzari.
   265 | D:2      | Saw a vision of the Swamp and the Spider Nest.
   265 | D:2      | Noticed a redback
   265 | D:2      | Noticed a bullfrog
   265 | D:2      | Noticed a wolf spider
   265 | D:2      | Noticed a bullfrog
   265 | D:2      | Noticed an alligator
   265 | D:2      | Noticed a scorpion
   265 | D:2      | Noticed a redback
   265 | D:2      | Noticed a swamp drake
   265 | D:2      | Noticed a scorpion
   265 | D:2      | Noticed a water moccasin
   265 | D:2      | Noticed a scorpion
   273 | D:2      | Noticed a wolf spider
   274 | D:2      | Noticed a redback
   275 | D:2      | HP: 1/22 [white imp/puff of frost[Natasha] (8)]
   275 | D:2      | Mangled by Natasha

Skill      XL: |  1 |
---------------+----+-----
Unarmed Combat | 3 |  3.4
Fighting       | |  0.8
Dodging        | |  1.7
Spellcasting   | |  1.7
Transmutations | |  1.7

Action                   || total
-------------------------++-------
Melee: Unarmed           ||    34
       Headbutt          ||     4
       Punch             ||     3
       Kick              ||     2
 Cast: Beastly Appendage ||     8
       Sticks to Snakes  ||     3
  Use: Potion            ||     1
Armor: Robe              ||     5
Dodge: Dodged            ||    15

Table legend:
 A = Turns spent in this place as a percentage of turns spent in the entire game.
 B = Non-inter-level travel turns spent in this place as a percentage of non-inter-level travel turns spent in the entire game.
 C = Inter-level travel turns spent in this place as a percentage of turns spent in this place.
 D = Turns resting spent in this place as a percentage of non-inter-level travel turns spent in this place.
 E = Turns spent auto-exploring this place as a percentage of non-inter-level travel turns spent in this place.
 F = Non-inter-level travel turns spent in this place divided by the number of levels of this place that you've seen.
                   A       B       C       D       E      F
               +-------+-------+-------+-------+-------+----------------------
         Total | 100.0 | 100.0 |   0.0 |   0.0 |   0.0 | 129.0
       Dungeon | 100.0 | 100.0 |   0.0 |   0.0 |   0.0 | 129.0
               +-------+-------+-------+-------+-------+----------------------

Table legend:
 A = Kills in this place as a percentage of kills in entire the game.
 B = Kills by you in this place as a percentage of kills by you in the entire game.
 C = Kills by friends in this place as a percentage of kills by friends in the entire game.
 D = Other kills in this place as a percentage of other kills in the entire game.
 E = Experience gained in this place as a percentage of experience gained in the entire game.
 F = Experience gained in this place divided by the number of levels of this place that you have seen.
                   A       B       C       D       E      F
               +-------+-------+-------+-------+-------+----------------------
         Total | 100.0 | 100.0 | 100.0 |  -nan | 100.0 |  12.0
       Dungeon | 100.0 | 100.0 | 100.0 |  -nan | 100.0 |  12.0
               +-------+-------+-------+-------+-------+----------------------

Vault maps used:
D:1:      dpeg_arrival_windows_large_door, serial_bayou, serial_bayou_shore_a,
          serial_bayou_pond_e, serial_bayou_lake_a, serial_bayou_pond_a
D:2:      gammafunk_temple_overflow_statue, grunt_ashenzari_visionary,
          uniq_natasha, uniq_crazy_yiuf_cottage
